 Dungeon Crawl Stone Soup version 0.29.1-debian-4-g95531337e3 (webtiles) character file.

Game seed: 10717824285206162517

23 Colgate the Insei (level 3, 0/23 HPs)
             Began as an Octopode Transmuter on Sept 13, 2022.
             Splashed by a jelly's acid (9 damage)
             ... on level 2 of the Dungeon.
             The game lasted 00:01:42 (572 turns).

Colgate the Insei (Octopode Transmuter)              Turns: 572, Time: 00:01:42

Health: 0/23       AC: -2    Str:  9    XL:     3   Next: 0%
Magic:  3/6        EV: 19    Int: 17    God:
Gold:   63         SH:  0    Dex: 17    Spells: 0/6 levels left

rFire   . . .      SeeInvis .     - Unarmed
rCold   . . .      Faith    .   (shield currently unavailable)
rNeg    . . .      Spirit   .   (helmet currently unavailable)
rPois   x          Reflect  .   (no amulet)
rElec   .          Harm     .   (no ring)
rCorr   .          Rampage  .   (no ring)
Will    .....                   (no ring)
Stlth   ++........              (no ring)
HPRegen 0.07/turn               (no ring)
MPRegen 0.10/turn               (no ring)
                                (no ring)
                                (no ring)

@: spider-form (expiring), corroded
A: venomous fangs, almost no armour, (amphibious), 8 rings, tiny, (camouflage
1), (gelatinous body 1), (nimble swimmer 1), (tentacles)
a: End Transformation


You were on level 2 of the Dungeon.
You were a venomous arachnid creature.
You visited 1 branch of the dungeon, and saw 2 of its levels.

You collected 63 gold pieces.

Inventory:

Potions
 a - a potion of lignification


   Skills:
 - Level 1.0 Fighting
 - Level 2.0 Dodging
 + Level 0.4 Stealth
 - Level 4.0 Unarmed Combat
 - Level 2.0 Spellcasting
 - Level 2.0 Transmutations


You couldn't memorise any spells.
You knew the following spells:

 Your Spells              Type           Power      Damage    Failure   Level
a - Beastly Appendage     Tmut           16%        N/A       22%         1
b - Wereblood             Tmut           8%         N/A       30%         2
c - Spider Form           Tmut/Pois      5%         N/A       58%         3

Your spell library contained the following spells:

 Spells                   Type           Power      Damage    Failure   Level
 Summon Small Mammal      Summ           4%         N/A       38%         1
 Call Canine Familiar     Summ           1%         N/A       71%         3
 Summon Guardian Golem    Hex/Summ       1%         N/A       71%         3
 Ice Form                 Ice/Tmut       5%         N/A       90%         4


Dungeon Overview and Level Annotations

Branches:
Dungeon (1/15)

Altars:


Innate Abilities, Weirdness & Mutations

You are a venomous arachnid creature.
You have poisonous fangs.
You are tiny and dextrous.
Your spellcasting is less reliable in this form.
Your armour is entirely melded.
You are incapable of wielding weapons or throwing items.
You cannot wear most types of armour.
((You are amphibious.))
You can wear up to eight rings at the same time.
((Your skin changes colour to match your surroundings (Stealth+).))
((Your rubbery body absorbs attacks. (AC +1, EV +1)))
((You are camouflaged when in or above water. (Stealth+)))
((You have tentacles for arms and can constrict up to eight enemies at once.))


Message History

A bat skeleton and a worm come into view.
You see here 8 gold pieces.
Casting: Beastly Appendage (safe; 10% risk of failure) One of your tentacles grows a vicious spike.
Found a coppery potion.
Found 9 gold pieces.
Found a stone staircase leading up.
The worm bites you.
You tentacle-slap the worm. Your grab misses the worm.
You pierce the worm.
You tentacle-slap the worm. You grab the worm. You constrict the worm.
The worm misses you.
You tentacle-slap the worm.
You pierce the worm.
You kill the worm!
Your transformation is almost over.
Your Unarmed Combat skill increases to level 4!
Found a book of Spatial Translocations.
A jelly comes into view.
The bat skeleton hits you.
You tentacle-slap the bat skeleton. You grab the bat skeleton.
You squeeze the bat skeleton.
You destroy the bat skeleton!
You have reached level 3!
Your experience leads to an increase in your attributes!
Increase (S)trength, (I)ntelligence, or (D)exterity?
You feel clever. x2
This spell is extremely dangerous to cast!
Memorise Spider Form, consuming 3 spell levels and leaving 0?
You start memorising the spell.
You continue memorising. x3
You finish memorising.
Spell assigned to 'c'.
Casting: Beastly Appendage (safe; 9% risk of failure)
Your tentacle spike disappears.
You turn into a venomous arachnid creature.
Found a scroll labelled SALOISABBA.
The helpless jelly fails to defend itself.
You bite the jelly!
The jelly is poisoned.
Your front legs burn!
Your transformation is almost over.
The jelly barely misses you.
You bite the jelly!
Your front legs burn!
The jelly barely misses you.
You hit the jelly.
Your front legs burn!
The jelly hits you. The acid corrodes you!
You are splashed with acid!
You die...

######### #####
##...#...##
#...####§........##
#..§§§§§§.$.......#
.#####.(.§§§§..........#
.......~~~§§~§.........#
#...~§§§P!..:J....#
#$#.~~§.§#..s..?.#
#.#P.......<####.#
#.###.###..## # #.#
#..##..# .. #.# ##....##
. ##.# ##..# #.#..# ...#
#.#.## ....#
##...#####..###


You could see a jelly (very poisoned).

Vanquished Creatures
  A worm (D:2)
  A dart slug (D:2)
  A ball python (D:2)
  A bat skeleton (D:2)
  An endoplasm (D:2)
  A goblin (D:2)
  2 hobgoblins
  4 jackals (D:1)
  A kobold (D:2)
  A quokka (D:2)
  A rat (D:2)
15 creatures vanquished.

Notes
Turn   | Place    | Note
-------+----------+-------------------------------------------
     0 | D:1      | Colgate the Octopode Transmuter began the quest for the
                  | Orb.
     0 | D:1      | Reached XP level 1. HP: 13/13 MP: 3/3
    57 | D:1      | Reached XP level 2. HP: 9/18 MP: 1/5
    60 | D:1      | Learned a level 2 spell: Wereblood
   288 | D:1      | You fall into a shaft and drop 1 floor!
   556 | D:2      | Reached skill level 4 in Unarmed Combat
   560 | D:2      | Reached XP level 3. HP: 20/23 MP: 6/6
   564 | D:2      | Learned a level 3 spell: Spider Form
   572 | D:2      | Splashed by a jelly's acid

Illustrated notes

Levels and vault maps discovered:
D:1:      amcnicky_arrival_feature_with_door, layout_basic, minivault_25
D:2:      layout_rooms, shapermc_ecumenical_altar_mp_vishouse, serial_undead,
          serial_undead_f, serial_undead_f, serial_undead_c, serial_undead_c,
          serial_undead_b, serial_undead_c, serial_undead_b, serial_undead_d,
          serial_undead_c, serial_undead_f, minmay_hexomino_p4

Skill      XL: |  1  2 |
---------------+-------+-----
Unarmed Combat | 4 |  4.0
Fighting       | |  1.0
Dodging        | |  2.0
Stealth        | |  0.4
Spellcasting   | |  2.0
Transmutations | |  2.0

Action                   || total
-------------------------++-------
Melee: Unarmed           ||    38
       Constrict         ||    11
       Tentacles         ||     9
       Kick              ||     6
 Cast: Beastly Appendage ||     6
       Spider Form       ||     1
 Stab: Sleeping          ||     1
Armor: Skin              ||     4
Dodge: Dodged            ||    18
